 Dungeon Crawl Stone Soup version 0.31-a0-799-g6bc09d010c (webtiles) character file.

Game seed: 11423863902073048004

797 porpoise the Magician (level 7, 0/37 HPs)
             Began as a Deep Elf Conjurer on Sept 20, 2023.
             Slain by a kobold brigand
             ... wielding a +0 short sword
              (8 damage)
             ... on level 6 of the Dungeon.
             The game lasted 00:25:47 (6419 turns).

porpoise the Magician (Deep Elf Conjurer)           Turns: 6419, Time: 00:25:47

Health: 0/37       AC:  4    Str:  4    XL:     7   Next: 58%
Magic:  6/19       EV: 12    Int: 31    God:
Gold:   329        SH:  0    Dex: 13    Spells: 7/20 levels left

rFire   . . .        a - +2 dagger (venom)
rCold   . . .        (no shield)
rNeg    . . .        D - +0 robe
rPois   .            (no helmet)
rElec   .            C - +0 cloak
rCorr   .            (no gloves)
SInv    .            A - +0 pair of boots
Will    .....        (no amulet)
Stlth   ++           e - +6 ring of intelligence
HPRegen 0.26/turn    p - ring of wizardry
MPRegen 0.16/turn

%: wizardry (x1)
@: lethally poisoned (0 -> -8), slowed, very slow
A: no striking features
a: no special abilities


You were on level 6 of the Dungeon.
You visited 1 branch of the dungeon, and saw 6 of its levels.

You collected 341 gold pieces.
You spent 12 gold pieces at shops.

Inventory:

Hand Weapons
 a - a +2 dagger of venom (weapon)
 u - a +1 short sword of protection
Missiles
 c - 6 atropa-tipped darts
 k - 3 poisoned darts (quivered)
 m - 7 boomerangs
 F - a throwing net
Armour
 w - a +3 leather armour
 A - a +0 pair of boots (worn)
 C - a +0 cloak (worn)
 D - a +0 robe (worn)
Magical Staves
 G - a staff of poison
Jewellery
 e - a +6 ring of intelligence (left hand)
 n - a ring of resist corrosion
 p - a ring of wizardry (right hand)
 H - a ring of ice
Wands
 x - a wand of iceblast (7)
Scrolls
 d - a scroll of vulnerability {unknown}
 f - 3 scrolls of immolation
 g - 2 scrolls of enchant weapon {unknown}
 j - a scroll of butterflies {unknown}
 l - a scroll of amnesia {unknown}
 o - a scroll of noise
 q - a scroll of fog
 t - 2 scrolls of fear
 v - a scroll of torment {unknown}
 y - a scroll of blinking {unknown}
 z - a scroll of poison {unknown}
Potions
 b - a potion of magic
 h - 4 potions of curing
 i - a potion of resistance
 r - 3 potions of mutation
 s - a potion of attraction
 B - a potion of degeneration {unknown}
 E - 3 potions of invisibility
 I - a potion of brilliance {unknown}


   Skills:
 + Level 0.8 Fighting
 - Level 2.4 Dodging
 - Level 2.4 Stealth
 - Level 7.0 Spellcasting
 - Level 7.0 Conjurations
 + Level 5.6 Hexes
 + Level 1.5 Translocations


You had 7 spell levels left.
You knew the following spells:

 Your Spells              Type           Power      Damage    Failure   Level
a - Magic Dart            Conj           100%       1d8       1%          1
b - Searing Ray           Conj           100%       2d8       1%          2
c - Fulminant Prism       Conj/Hex       24%        3d12      1%          4
d - Iskenderun's Mystic   Conj/Tloc      37%        2d9       3%          4
t - Momentum Strike       Conj/Tloc      74%        3d10      1%          2

Your spell library contained the following spells:

 Spells                   Type           Power      Damage    Failure   Level
 Freeze                   Ice            40%        1d6       1%          1
 Blink                    Tloc           40%        N/A       1%          2
 Ensorcelled Hibernation  Hex/Ice        56%        N/A       1%          2
 Lesser Beckoning         Tloc           40%        N/A       1%          2
 Dazzling Flash           Conj/Hex       98%        N/A       1%          3
 Hailstorm                Conj/Ice       32%        3d8       1%          3
 Tukima's Dance           Hex            45%        N/A       1%          3
 Passwall                 Tmut/Erth      8%         N/A       2%          2
 Frozen Ramparts          Ice            20%        1d4       5%          3
 Swiftness                Air            10%        N/A       5%          3
 Passage of Golubria      Tloc           20%        N/A       10%         4
 Yara's Violent Unravell  Hex/Tmut       14%        3d7       16%         5


Dungeon Overview and Level Annotations

Branches:
Dungeon (6/15)
 Temple: D:4-7

Altars:
Elyvilon
Gozag
Qazlal

Shops:
D:1 ?


Message History

The kobold brigand is lightly wounded.
You feel sick.
The kobold brigand throws a curare-tipped dart.
The curare-tipped dart closely misses you.
The searing ray misses the kobold.
The searing ray hits the kobold brigand.
The kobold brigand is moderately wounded.
You finish channelling your searing ray.
You feel sick. The kobold completely misses you.
Casting: Searing Ray (safe; 1% risk of failure)
Confirm with . or Enter, or press ? or * to list all spells.
Aiming: Searing Ray (safe; 1% risk of failure)
Press: ? - help, Shift-Dir - straight line, f - kobold
Aim: a kobold, wielding a +0 dagger and quivering stones (79% to hit)
The searing ray hits the kobold!
You kill the kobold!
The searing ray hits the kobold brigand!
The kobold brigand is heavily wounded. (Press . to maintain the ray.)
You feel sick.
The kobold throws a poisoned dart.
The poisoned dart closely misses you.
The searing ray hits the kobold brigand!
The kobold brigand is almost dead.
You feel sick.
The kobold brigand throws a curare-tipped dart.
The curare-tipped dart hits you.
You are more poisoned.
You have difficulty breathing.
You feel yourself slow down.
The searing ray misses the kobold brigand.
You feel very sick.
Unknown command.
The searing ray hits the kobold.
The kobold is moderately wounded.
You finish channelling your searing ray.
* * * LOW HITPOINT WARNING * * *
You feel very sick. The kobold hits you with a +0 dagger.
* * * LOW HITPOINT WARNING * * *
The kobold brigand hits you with a +0 short sword!
You die...

....... .......
....... ..!....
.......
##########.......
#.........K......
#........@K)))...
#.........######.
#.........#
#.........#
#.........#
#....<....#
#####.........##
#................#
#[###.........##.#


You could see a kobold brigand and a kobold.

Vanquished Creatures
  An ogre (D:6)
  A scorpion (D:5)
  A jelly (D:4)
  2 orc priests
  A hound (D:4)
  3 iguanas
  6 orc wizards
  11 gnolls
  3 adders
  An ufetubus (D:4)
  2 worms (D:2)
  5 dart slugs
  30 orcs
  10 ball pythons
  5 endoplasms
  7 giant cockroaches
  10 goblins
  5 hobgoblins
  4 quokkas
  10 bats
  5 frilled lizards
  16 kobolds
  4 rats
143 creatures vanquished.

Vanquished Creatures (others)
  A hobgoblin (D:4)
  2 fulminant prisms (D:4)
3 creatures vanquished.

Grand Total: 146 creatures vanquished

Notes
Turn   | Place    | Note
-------+----------+-------------------------------------------
     0 | D:1      | porpoise the Deep Elf Conjurer began the quest for the Orb.
     0 | D:1      | Reached XP level 1. HP: 10/10 MP: 6/6
   196 | D:1      | Reached XP level 2. HP: 15/15 MP: 4/8
   234 | D:1      | Learned a level 2 spell: Searing Ray
   573 | D:1      | Found a faded altar of an unknown god.
   936 | D:1      | Found The Oracle's Delphic Readings.
   952 | D:1      | Bought a scroll of noise for 12 gold pieces
  1085 | D:2      | Reached skill level 5 in Conjurations
  1085 | D:2      | Reached XP level 3. HP: 19/19 MP: 3/10
  1304 | D:2      | Learned a level 2 spell: Momentum Strike
  1917 | D:2      | Reached XP level 4. HP: 24/24 MP: 10/12
  1928 | D:2      | Learned a level 4 spell: Fulminant Prism
  2712 | D:3      | Reached skill level 1 in Hexes
  2716 | D:3      | Reached skill level 5 in Spellcasting
  3152 | D:3      | Reached XP level 5. HP: 28/28 MP: 7/14
  3159 | D:3      | Learned a level 4 spell: Iskenderun's Mystic Blast
  3844 | D:4      | Found an opulent altar of Gozag.
  3969 | D:4      | Noticed a fire elemental
  4008 | D:4      | Reached XP level 6. HP: 32/32 MP: 10/16
  4311 | D:4      | Found a white marble altar of Elyvilon.
  4689 | D:4      | Found a stormy altar of Qazlal.
  4692 | D:4      | Noticed an air elemental
  4693 | D:4      | Noticed a water elemental
  4920 | D:5      | Entered Level 5 of the Dungeon
  5052 | D:5      | Reached XP level 7. HP: 36/36 MP: 15/19
  5816 | D:5      | Reached skill level 5 in Hexes
  6306 | D:6      | Reached skill level 1 in Translocations
  6419 | D:6      | Slain by a kobold brigand

Illustrated notes

Levels and vault maps discovered:
D:1:      minmay_arrival_stone_box, layout_basic,
          hellmonk_ecumenical_altar_blasted, nicolae_nh_oracle_at_delphi
D:2:      layout_basic
D:3:      layout_basic
D:4:      minmay_opposing_rooms, layout_rooms, mainiacjoe_overflow_tiny_flanked,
          elyvilon_altar_4, nicolae_qazlal_style_of_elements
D:5:      layout_cave_pods
D:6:      layout_basic, old_standard_altar

Skill      XL: |  1  2  3  4  5  6  7 |
---------------+----------------------+-----
Spellcasting   | 4 5 6 7 |  7.0
Conjurations   | 5 6 7 |  7.0
Hexes          | 2 3 4 5 |  5.6
Translocations | 1 |  1.5
Fighting       | |  0.8
Dodging        | |  2.4
Stealth        | |  2.4

Action                     |  1- 3 |  4- 6 |  7- 9 || total
---------------------------+-------+-------+-------++-------
  Melee: Short sword       |     2 |       |       ||     2
         Dagger            |       |    13 |       ||    13
   Cast: Magic Dart        |    47 |    32 |       ||    79
         Searing Ray       |     6 |    43 |    16 ||    65
         Momentum Strike   |     2 |       |       ||     2
         Fulminant Prism   |       |     2 |       ||     2
         Iskenderun's Myst |       |       |     2 ||     2
    Use: Scroll            |       |     5 |     2 ||     7
   Stab: Sleeping          |     1 |       |       ||     1
 Armour: Robe              |     7 |    29 |     7 ||    43
  Dodge: Dodged            |     8 |    14 |     8 ||    30

Table legend: (Time is in decaauts)
 A = Elapsed time spent in this place.
 B = Non-inter-level travel time spent in this place.
 C = Inter-level travel time spent in this place.
 D = Time resting spent in this place.
 E = Time spent auto-exploring this place.
 F = Levels seen in this place.
 G = Mean time per level.
                   A        B        C        D        E       F      G
               +--------+--------+--------+--------+--------+-----+--------+
         Total |   6415 |   6190 |    225 |   2071 |   3322 |   6 | 1069.2 |
       Dungeon |   6415 |   6190 |    225 |   2071 |   3322 |   6 | 1069.2 |
               +--------+--------+--------+--------+--------+-----+--------+

Top non-repeatable levels by time:
     D:3: 1781 daAuts
     D:5: 1379 daAuts
     D:2: 1048 daAuts
     D:1: 1046 daAuts
     D:4: 1041 daAuts
     D:6: 118 daAuts
